 Dungeon Crawl Stone Soup version 0.20-a0-210-gd6c29eb (webtiles) character file.

6757 patrickswayze the Jinx (level 10, -9/54 HPs)
             Began as a Deep Elf Chaos Knight on Nov 26, 2016.
             Shot themself with a bolt of lightning (12 damage)
             ... on level 11 of the Dungeon.
             The game lasted 00:31:35 (15993 turns).

patrickswayze the Jinx (Deep Elf Chaos Knight)     Turns: 15993, Time: 00:31:36

Health: -9/54      AC: 10    Str:  9    XL:     10   Next: 75%
Magic:  11/12      EV: 12    Int: 18    God:    Xom [.*....]
Gold:   316        SH:  0    Dex: 17    Spells: 2/9 levels left

rFire  . . .     SeeInvis .     a - +11 rapier of Indomitability {holy, rC+}
rCold  + + +     Gourm    .     I - +3 leather armour
rNeg   . . .     Faith    .     (no shield)
rPois  .         Spirit   .     (helmet restricted)
rElec  .         Reflect  .     w - +0 cloak (curse)
rCorr  .         Harm     .     (no gloves)
MR     ++...     Rnd*Tele +     (no boots)
Stlth  ++++......               (no amulet)
                                z - +3 ring of protection
                                m - ring of protection from magic

@: lethally poisoned (-9 -> -16), slowed, very slow
A: antennae 1, claws 1, blink, cold resistance 2, teleportitis 1
a: Blink, Renounce Religion


You were on level 11 of the Dungeon.
You worshipped Xom.
You were a plaything of Xom.
You were hungry.

You visited 1 branch of the dungeon, and saw 11 of its levels.
You also visited: Ossuary.

You collected 566 gold pieces.
You spent 250 gold pieces at shops.


Innate Abilities, Weirdness & Mutations

You have a pair of small antennae on your head.
You have sharp fingernails.
You can translocate small distances at will.
Your flesh is very cold resistant. (rC++)
You are occasionally teleported next to monsters.


   Skills:
 - Level 2.4 Fighting
 - Level 11.3 Short Blades
 - Level 0.7 Armour
 - Level 2.4 Dodging
 - Level 8.1 Stealth
 + Level 12.3 Hexes
 - Level 4.0 Ice Magic


You had 2 spell levels left.
You knew the following spells:

 Your Spells              Type           Power        Failure   Level  Hunger
a - Confuse               Hex            #####...     1%          3    ####...
b - Freeze                Ice            ##..         8%          1    ##.....
Z - Tukima's Dance        Hex            #####...     1%          3    ####...

Inventory:

Hand Weapons
 a - the +11 rapier of Indomitability (weapon) {holy, rC+}
   (You found it on level 7 of the Dungeon)

   It has been blessed by the Shining One to cause great damage to the undead
   and demons.
   It protects you from cold.
Missiles
 l - 341 stones (quivered)
 q - a throwing net
 C - 18 arrows
Armour
 w - a cursed +0 cloak (worn)
 I - a +3 leather armour (worn)
Jewellery
 m - a ring of protection from magic (left claw)
 n - an uncursed ring of positive energy
 z - a +3 ring of protection (right claw)
Wands
 s - a wand of slowing (28/48)
 x - a wand of lightning (1/15)
 y - a wand of flame (36/48)
Scrolls
 i - a scroll of recharging
 j - 3 scrolls of identify
 p - a scroll of immolation
 t - a scroll of enchant weapon
 v - 4 scrolls of remove curse
Potions
 f - 3 potions of flight
 h - a potion of brilliance
 u - 2 potions of cure mutation {!q}
 D - 4 potions of cancellation
Books
 b - the Collected Works on Glacial Attacks
   (You found it on level 9 of the Dungeon)

   Spells                             Type                      Level
   a - Static Discharge               Conjuration/Air              3
   b - Ice Form                       Ice/Transmutation            4
   c - Bolt of Draining               Conjuration/Necromancy       5
   d - Ozocubu's Refrigeration        Ice                          6
 k - a book of Frost

   Spells                             Type                      Level
   a - Freeze                         Ice                          1
   b - Throw Frost                    Conjuration/Ice              2
   c - Ozocubu's Armour               Charms/Ice                   3
   d - Throw Icicle                   Conjuration/Ice              4
   e - Summon Ice Beast               Ice/Summoning                4
 B - a book of Maledictions

   Spells                             Type                      Level
   a - Corona                         Hexes                        1
   b - Ensorcelled Hibernation        Hexes/Ice                    2
   c - Confuse                        Hexes                        3
   d - Tukima's Dance                 Hexes                        3
   e - Dazzling Spray                 Conjuration/Hexes            3
 E - a book of Cantrips

   Spells                             Type                      Level
   a - Confusing Touch                Hexes                        1
   b - Animate Skeleton               Necromancy                   1
   c - Summon Small Mammal            Summoning                    1
   d - Apportation                    Translocation                1
Comestibles
 c - 8 bread rations
 o - 3 meat rations
 A - a beef jerky
 G - 2 fruits


Message History

2 ice beasts and an electric eel come into view.
* * * LOW HITPOINT WARNING * * *
You feel sick.
* * * LOW HITPOINT WARNING * * *
You feel sick.
A wolf comes into view.
* * * LOW HITPOINT WARNING * * *
You feel sick.
The wolf moves out of view.
Evoke which item? (* to show all) (? for menu, Esc to quit)
You don't have any such object.
Evoke which item? (* to show all) (? for menu, Esc to quit)
Okay, then.
Evoke which item? (* to show all) (? for menu, Esc to quit)
Zapping:
x - a wand of lightning (?/15) {zapped: 3} (will waste charges)
Press: ? - help, Shift-Dir - straight line, f - you Really target yourself?
You hear a mighty clap of thunder!
The bolt of lightning hits you!
You die...
Xom laughs nastily!

......PP7..t.....
###.....
#.PP...P.P......P..
#.#<.. #
.....P.>../..P ..
#.#.## .... ..P? .#
#.#.# #.. ... .#
#.#.## ..# .P#.#
#..^.. ..# .h.
###.## ## #.# #.#
.# ##@# #.# .#
..7.###..# #.# .##
........## #.# ...
............$.. #.#
$.. .............~~
..# ...
.........~~~~~Y ###
... ~~~~~~~~~;~~~~#
~~~ ~~~~~~~~~~~~~~#
~~~ ~~~~~~~~~~~~~~.


You could see a wolf.

Vanquished Creatures
  A hill giant (D:11)
  3 trolls
  3 hippogriffs
  Sigmund (D:4)
  2 wraiths (Ossuary)
  A yak (D:11)
  A hornet zombie (D:8)
  2 orc warriors
  3 ice beasts
  5 sky beasts
  2 slaves
  A necrophage (D:9)
  5 ogres
  A black bear (D:9)
  2 phantoms
  2 crocodiles (D:11)
  2 bullfrogs
  A wyvern skeleton (D:8)
  A wyvern zombie (D:8)
  A scorpion (D:7)
  8 wights
  9 crimson imps
  A quasit (D:11)
  A bullfrog zombie (D:10)
  5 orc priests
  2 bullfrog skeletons
  3 jellies
  A gnoll shaman (D:6)
  8 hounds
  6 orc wizards
  2 centaur skeletons
  2 iron imps
  4 iguanas
  3 worker ants
  A hound zombie (D:7)
  A mummy (D:4)
  A hound skeleton (D:5)
  Robin (D:3)
  8 gnolls
  11 adders
  An ooze (D:5)
  2 adder zombies (Ossuary)
  2 worms (D:2)
  5 leopard geckos
  42 orcs
  A giant cockroach (D:4)
  14 goblins
  15 hobgoblins
  14 jackals
  3 quokkas
  2 ball pythons
  6 bats
  4 frilled lizards
  6 kobolds
  A kobold zombie (Ossuary)
  A leopard gecko skeleton (D:4)
  2 orc skeletons (Ossuary)
  3 orc zombies (Ossuary)
  4 rats
246 creatures vanquished.

Vanquished Creatures (collateral kills)
  Sonja (D:11)
  Eustachio (D:6)
  A bullfrog (D:9)
  A hound (D:9)
  A leopard gecko (D:4)
  8 orcs
13 creatures vanquished.

Vanquished Creatures (others)
  8 dancing weapons
  A crimson imp (D:5)
  An orc (D:10)
  5 fungi (D:11)
  22 plants (D:11)
37 creatures vanquished.

Grand Total: 296 creatures vanquished

Notes
Turn   | Place    | Note
-------+----------+-------------------------------------------
     0 | D:1      | patrickswayze the Deep Elf Chaos Knight began the quest for the Orb.
     0 | D:1      | Reached XP level 1. HP: 13/13 MP: 3/3
   120 | D:1      | XOM: harmless Summ miscast
   121 | D:1      | XOM: potion effect (agility)
   125 | D:1      | Reached skill level 1 in Stealth
   215 | D:1      | Reached XP level 2. HP: 18/18 MP: 4/4
   290 | D:1      | XOM: summons 1 hostile demon
   294 | D:1      | XOM: butterfly on damage
   915 | D:1      | Reached skill level 3 in Stealth
  1008 | D:1      | XOM: enchant monster (bad)
  1285 | D:2      | Reached XP level 3. HP: 22/22 MP: 5/5
  1319 | D:2      | XOM: harmless Air miscast
  1738 | D:2      | Found a sparkling altar of Nemelex Xobeh.
  1777 | D:2      | XOM: scenery: create altars
  1804 | D:2      | XOM: smoke on damage
  1962 | D:2      | Found a shadowy altar of Dithmenos.
  2194 | D:2      | Reached XP level 4. HP: 18/27 MP: 6/6
  2413 | D:2      | XOM: harmless Chrm miscast
  2601 | D:3      | Noticed Robin
  2674 | D:3      | Killed Robin
  2712 | D:3      | XOM: medium Ice miscast
  2932 | D:3      | XOM: silly message
  2968 | D:3      | Noticed feito's ghost (amateur GrEE)
  3446 | D:3      | Reached skill level 6 in Stealth
  3460 | D:3      | XOM: 1-stop teleportation journey
  3496 | D:3      | Noticed Grinder
  3496 | D:3      | XOM: fog
  3507 | D:3      | XOM: swap monsters
  3509 | D:3      | Noticed Grinder
  3509 | D:3      | Grinder changed into Grinder the iron imp
  3509 | D:3      | XOM: polymorph Grinder -> Grinder the iron imp
  3511 | D:3      | XOM: butterfly on damage
  3514 | D:3      | Killed Grinder the iron imp
  3514 | D:3      | Reached XP level 5. HP: 15/31 MP: 7/7
  3612 | D:3      | Found a snail-covered altar of Cheibriados.
  3616 | D:3      | HP: 1/31 [hell rat (glowing shapeshifter) (16)]
  3622 | D:3      | XOM: fog
  3823 | D:3      | HP: 5/31 [feito's ghost/stone arrow (17)]
  4172 | D:3      | Noticed a phantom
  4172 | D:3      | XOM: confuse monster(s)
  4178 | D:3      | Killed a phantom
  4306 | D:3      | XOM: mild Tloc miscast
  4386 | D:3      | Noticed a two-headed ogre
  4386 | D:3      | Noticed a water moccasin
  4386 | D:3      | a two-headed ogre changed into a water moccasin
  4388 | D:3      | Noticed a hell hound
  4388 | D:3      | a water moccasin changed into a hell hound
  4394 | D:3      | Noticed a water moccasin
  4394 | D:3      | a hell hound changed into a water moccasin
  4395 | D:4      | Noticed an ogre
  4570 | D:4      | Reached XP level 6. HP: 24/36 MP: 8/8
  4662 | D:4      | Found a shattered altar of Ashenzari.
  4717 | D:4      | XOM: harmless Erth miscast
  4818 | D:4      | Noticed Sigmund
  4838 | D:4      | XOM: enchant monster (good)
  4859 | D:4      | Killed Sigmund
  4892 | D:4      | XOM: enchant monster (bad)
  4898 | D:4      | HP: 6/36 [phantom (5)]
  4923 | D:4      | Found a sand-covered staircase.
  4928 | Ossuary  | Entered an ossuary
  5269 | Ossuary  | Reached XP level 7. HP: 40/40 MP: 9/9
  5269 | Ossuary  | XOM: 9-stop teleportation journey
  5277 | Ossuary  | Noticed a flying skull
  5277 | Ossuary  | Noticed a wraith
  5309 | Ossuary  | XOM: god gift: 8 gold pieces
  5387 | Ossuary  | Noticed a flying skull
  5389 | Ossuary  | Noticed a flying skull
  5398 | Ossuary  | Noticed a flying skull
  5417 | Ossuary  | Noticed a wraith
  5445 | Ossuary  | XOM: give mutations
  5445 | Ossuary  | Gained mutation: You have a pair of small antennae on your head. [Xom's grace]
  5445 | Ossuary  | Gained mutation: Your flesh is cold resistant. (rC+) [Xom's grace]
  5445 | Ossuary  | Gained mutation: You have a pair of antennae on your head. [Xom's grace]
  5445 | Ossuary  | Gained mutation: Your flesh is very cold resistant. (rC++) [Xom's grace]
  5589 | Ossuary  | XOM: fake destruction
  5594 | Ossuary  | Killed a wraith
  5594 | Ossuary  | Reached skill level 6 in Short Blades
  5686 | Ossuary  | Noticed a wraith
  5693 | Ossuary  | HP: 2/40 [wraith (11)]
  5711 | Ossuary  | HP: 12/60 [something (2)]
  5721 | Ossuary  | HP: 9/90 [something (3)]
  5723 | Ossuary  | Killed a wraith
  5982 | Ossuary  | Noticed a flying skull
  6200 | D:4      | Found a blossoming altar of Fedhas.
  6244 | D:4      | XOM: summons 3 friendly demons
  6281 | D:4      | HP: 8/40 [phantom (2)]
  6282 | D:4      | XOM: enchant monster (good)
  6311 | D:5      | Entered Level 5 of the Dungeon
  6585 | D:5      | Reached XP level 8. HP: 40/45 MP: 10/10
  6771 | D:6      | Found a sacrificial altar of Ru.
  6830 | D:6      | Noticed Eustachio
  6834 | D:6      | XOM: enchant monster (good)
  6854 | D:6      | XOM: enchant monster (good)
  6872 | D:5      | XOM: harmless Erth miscast
  6890 | D:5      | XOM: silly message
  6996 | D:5      | XOM: confuse monster(s)
  7056 | D:5      | XOM: silly message
  7070 | D:5      | Found a bloodstained altar of Trog.
  7072 | D:5      | XOM: divination: detect creatures
  7168 | D:5      | XOM: butterfly on damage
  7171 | D:5      | HP: 2/45 [orc priest/divine providence (13)]
  7183 | D:5      | HP: 2/45 [leopard gecko (1)]
  7416 | D:5      | XOM: harmless Tloc miscast
  7509 | D:5      | Found a hide-covered altar of Uskayaw.
  7582 | D:5      | XOM: 1-stop teleportation journey
  7636 | D:5      | Found a shimmering altar of Xom.
  7747 | D:5      | XOM: chaos cloud
  7911 | D:5      | XOM: medium Tloc miscast
  7999 | D:5      | XOM: fog
  8139 | D:5      | Found an iron altar of Okawaru.
  8230 | D:5      | Reached skill level 9 in Short Blades
  8729 | D:5      | XOM: scenery: 1 doors close
  9326 | D:5      | XOM: scenery: 1 doors open, 3 doors close
  9389 | D:6      | XOM: summons 3 friendly demons
  9412 | D:6      | Killed Eustachio
  9678 | D:6      | Noticed Blork the orc
  9680 | D:6      | Noticed Blork
  9680 | D:6      | Blork the orc changed into Blork the hound
  9680 | D:6      | XOM: polymorph Blork the orc -> Blork the hound
  9705 | D:6      | Killed Blork the hound
  9719 | D:6      | Found a staircase to the Ecumenical Temple.
  9899 | D:6      | XOM: scenery: create altars
 10060 | D:6      | XOM: scenery: 1 doors open, 1 doors close
 10425 | D:7      | Reached XP level 9. HP: 43/49 MP: 11/11
 10492 | D:7      | Got an ancient rapier
 10498 | D:7      | Identified the +11 rapier of Indomitability {holy, rC+} (You found it on level 7 of the Dungeon)
 10636 | D:7      | Noticed Pikel
 10652 | D:7      | XOM: divine lightning (protected)
 10813 | D:6      | XOM: divination: magic mapping
 10829 | D:6      | XOM: confusion (+ monsters)
 10832 | D:6      | XOM: confuse monster(s)
 11144 | D:7      | XOM: fake destruction
 11389 | D:7      | XOM: blink monster(s)
 11414 | D:6      | Learned a level 1 spell: Freeze
 11538 | D:6      | XOM: divination: detect items
 11691 | D:6      | XOM: swap monsters
 11708 | D:6      | Reached skill level 1 in Ice Magic
 11769 | D:7      | XOM: blink monster(s)
 11775 | D:7      | XOM: enchant monster (good)
 11815 | D:6      | XOM: scenery: create altars
 12228 | D:7      | XOM: scenery: create altars
 12397 | D:8      | XOM: god gift: 18 arrows
 12497 | D:8      | Reached skill level 3 in Ice Magic
 12563 | D:8      | Found Keoczuf's Book Boutique.
 12574 | D:8      | Bought a book of Maledictions for 250 gold pieces
 12578 | D:8      | Learned a level 3 spell: Confuse
 12582 | D:8      | Learned a level 3 spell: Tukima's Dance
 12593 | D:8      | Reached skill level 1 in Hexes
 12610 | D:8      | Noticed a hill giant
 12643 | D:8      | XOM: summons 2 friendly demons
 12738 | D:8      | Reached skill level 3 in Hexes
 12866 | D:8      | Noticed a troll
 12871 | D:8      | XOM: summons friendly shadow imp
 12886 | D:8      | XOM: cast spell 'Olgreb's Toxic Radiance'
 12894 | D:8      | Gained mutation: You have sharp fingernails. [potion of mutation]
 12894 | D:8      | Lost mutation: You have a pair of antennae on your head. [potion of mutation]
 12898 | D:8      | XOM: enchant monster (good)
 12904 | D:8      | Killed a troll
 12904 | D:8      | Reached skill level 4 in Hexes
 13012 | D:8      | Reached skill level 5 in Hexes
 13231 | D:8      | Reached skill level 6 in Hexes
 13795 | D:8      | XOM: confuse monster(s)
 13796 | D:8      | Noticed an eye of devastation
 13796 | D:8      | a hill giant changed into an eye of devastation
 13796 | D:8      | XOM: polymorph hill giant -> eye of devastation
 13799 | D:8      | XOM: confusion (+ monsters)
 13947 | D:7      | XOM: god gift: 47 gold pieces
 14027 | D:8      | XOM: cast spell 'Statue Form'
 14079 | D:8      | Reached XP level 10. HP: 54/54 MP: 12/12
 14121 | D:9      | Reached skill level 7 in Hexes
 14144 | D:9      | Found a glowing silver altar of Zin.
 14342 | D:9      | Identified the Collected Works on Glacial Attacks
 14386 | D:9      | XOM: scenery: 2 doors open, 1 doors close
 14391 | D:9      | XOM: noise
 14407 | D:9      | XOM: mild Tloc miscast
 14419 | D:9      | XOM: cleaving
 14420 | D:9      | XOM: enchant monster (good)
 14446 | D:9      | XOM: mild Tmut miscast
 14588 | D:9      | Reached skill level 8 in Hexes
 14827 | D:10     | Entered Level 10 of the Dungeon
 14884 | D:10     | Noticed Maurice
 14887 | D:10     | XOM: enchant monster (good)
 14909 | D:10     | XOM: 2-stop teleportation journey
 14915 | D:10     | Reached skill level 9 in Hexes
 15115 | D:10     | XOM: repel stairs
 15204 | D:9      | XOM: severe Divn miscast
 15378 | D:10     | Noticed a tengu warrior
 15435 | D:11     | Found a staircase to the Lair.
 15436 | D:11     | Reached skill level 10 in Hexes
 15438 | D:11     | XOM: harmless Pois miscast
 15501 | D:11     | XOM: god gift: 18 stones
 15568 | D:11     | XOM: 1-stop teleportation journey
 15569 | D:11     | Noticed a hill giant
 15573 | D:11     | Killed a hill giant
 15573 | D:11     | Reached skill level 11 in Hexes
 15574 | D:11     | XOM: harmless Ice miscast
 15635 | D:11     | Noticed Erica
 15661 | D:11     | XOM: 1-stop teleportation journey
 15662 | D:11     | HP: 8/54 [porcupine's spines (6)]
 15875 | D:11     | XOM: noise
 15976 | D:11     | Noticed Sonja
 15982 | D:11     | Noticed a hill giant
 15988 | D:11     | HP: 9/54 [poisoned by Sonja (curare-tipped needle)]
 15988 | D:11     | Killed Sonja
 15988 | D:11     | Reached skill level 12 in Hexes
 15989 | D:11     | Gained mutation: You are occasionally teleported next to monsters. [potion of mutation]
 15989 | D:11     | Gained mutation: You can translocate small distances at will. [potion of mutation]
 15992 | D:11     | HP: 3/54 [poisoned by Sonja (curare-tipped needle)]
 15993 | D:11     | Shot themself with a bolt of lightning

Vault maps used:
D:1:      minmay_arrival_open_corners, wad_floor_pattern_untrapped,
          minmay_close_crescents
D:2:      nemelex_xobeh_ov_fountains_minmay, grunt_dithmenos_smoke_and_mirrors
D:3:      cheibriados_altar_wand_db, uniq_grinder, uniq_robin
D:4:      marbit_many_paths, evilmike_ruin_ashenzari, serial_glass,
          glass_columns_a, glass_columns_a, glass_columns_a,
          nicolae_ossuary_entry_giza, first_bread, minmay_divided_ellipse,
          uniq_sigmund
D:5:      okawaru_gym_becter, lemuel_doored_altar, led_xom_imps, kennysheep_mini
D:6:      lemuel_crystal_altar, uniq_eustachio, uniq_blork_the_orc
D:7:      uniq_pikel
D:8:      special_room, serial_shops, shop
D:9:      lemuel_crystal_altar
D:10:     hiddenorc2_lemuel, serial_shops, shop, grunt_tengu_nest, uniq_maurice
D:11:     minmay_twisted_water, minmay_lair_entry_grove,
          nicolae_looking_at_the_future, uniq_erica, uniq_grum, uniq_urug,
          uniq_sonja
Ossuary:  ossuary_due_cavern

Action                   |  1- 3 |  4- 6 |  7- 9 | 10-12 || total
-------------------------+-------+-------+-------+-------++-------
Melee: Short sword       |   139 |   131 |   214 |       ||   484
       Dagger            |       |       |   294 |       ||   294
       Rapier            |       |       |   157 |   100 ||   257
Throw: Stone             |       |       |     1 |       ||     1
 Cast: Tukima's Dance    |       |       |    14 |    17 ||    31
       Confuse           |       |       |     5 |    11 ||    16
Evoke: Wand              |       |       |     4 |       ||     4
  Use: Potion            |     1 |     9 |     7 |     1 ||    18
       Scroll            |       |     2 |    17 |     6 ||    25
 Stab: Sleeping          |     4 |     6 |    24 |     9 ||    43
       Petrified         |     1 |     1 |     1 |       ||     3
       Paralysed         |       |     1 |     4 |       ||     5
       Petrifying        |       |     1 |       |       ||     1
       Confused          |       |     1 |     6 |     4 ||    11
       Distracted        |       |       |     4 |     1 ||     5
       Betrayed ally     |       |       |       |     1 ||     1
  Eat: Chunk             |     4 |     8 |    16 |    11 ||    39
       Bread ration      |       |     1 |     2 |       ||     3
       Beef jerky        |       |       |     1 |       ||     1
Armor: Leather armour    |    36 |    38 |   112 |    37 ||   223
       Skin              |       |       |    20 |       ||    20
Dodge: Dodged            |    76 |    92 |   213 |    49 ||   430
